 Dungeon Crawl Stone Soup version 0.31-a0-150-g89dc3ad700 (webtiles) character file.

Game seed: 12882440212445092281

30 qw the Shooter (level 3, -1/21 HPs)
             Began as a Gargoyle Hunter on June 8, 2023.
             Slain by Sigmund
             ... wielding a +0 scythe
              (3 damage)
             ... on level 2 of the Dungeon.
             The game lasted 00:00:22 (856 turns).

qw the Shooter (Gargoyle Hunter)                     Turns: 856, Time: 00:00:23

Health: -1/21      AC:  0    Str: 14    XL:     3   Next: 20%
Magic:  3/3        EV: 14    Int:  9    God:
Gold:   51         SH:  0    Dex: 15    Spells: 2/2 levels left

rFire   . . .        Y - melded +0 shortbow
rCold   . . .        (shield currently unavailable)
rNeg    + . .        c - melded +0 leather armour
rPois   inf          (helmet currently unavailable)
rElec   .            (cloak currently unavailable)
rCorr   .            (gloves currently unavailable)
SInv    .            e - melded +0 pair of boots
Will    .....        (no amulet)
Stlth   ++           (ring currently unavailable)
HPRegen 0.23/turn    (ring currently unavailable)
MPRegen 0.08/turn

%: no passive effects
@: pig-form, very quick
A: fast, no casting, sickness immunity, AC +3, small, negative energy resistance
1, (electricity resistance), torment resistance 1, petrification resistance
a: no special abilities


You were on level 2 of the Dungeon.
You were a filthy swine.
You visited 1 branch of the dungeon, and saw 2 of its levels.

You collected 51 gold pieces.


Innate Abilities, Weirdness & Mutations

You are a filthy swine.
You move quickly.
Your equipment is almost entirely melded.
You are incapable of wielding weapons or throwing items.
You cannot cast spells.
You are immune to sickness and miasma.
((Your stone body is resilient. (AC +3)))
You are immune to poison.
You resist negative energy. (rN+)
((You are resistant to electric shocks. (rElec)))
You are resistant to unholy torment.
You are immune to petrification.


   Skills:
 + Level 2.2 Fighting
 - Level 5.0 Ranged Weapons
 - Level 1.5 Dodging
 - Level 1.1 Stealth


You had 2 spell levels left.
You didn't know any spells.
Your spell library was empty.

Inventory:

Hand Weapons
 Y - a +0 shortbow (melded)
Armour
 c - a +0 leather armour (melded)
 e - a +0 pair of boots (melded)
 k - the +2 robe of the Invisible Hand {rC+ rN+}
   (You found it on level 2 of the Dungeon)

   rC:        It protects you from cold.
   rN:        It protects you from negative energy.
Jewellery
 d - a +6 ring of intelligence
 g - a ring of fire
Scrolls
 a - a scroll of teleportation
 b - 2 scrolls of fog {unknown}
 f - a scroll of noise {unknown}
Potions
 h - a potion of lignification {unknown}
 i - a potion of attraction {unknown}
 j - a potion of cancellation {unknown}

Dungeon Overview and Level Annotations

Branches:
Dungeon (2/15)

Altars:
The Shining One

Annotations:
D:1 1 runed translucent door
D:2 Sigmund


Message History

There is a strange disturbance nearby!
You stop sporulating.
Your +0 shortbow unmelds from your body.
Your +0 pair of boots unmelds from your body.
Your +0 leather armour unmelds from your body.
Something hits you.
You shoot an arrow. Something hits you.
You shoot an arrow.
You hear a zap.
You turn into a filthy swine.
Your +0 shortbow melds into your body.
Your +0 pair of boots melds into your body.
Your +0 leather armour melds into your body.
There is a strange disturbance nearby!
Something hits you.
853 ||| Stepping randomly (disturbance).
854 ||| Stepping randomly (disturbance).
Something hits you!
Ouch! That really hurt!
There is a glowing golden altar of the Shining One here.
Press < or > to pray at altars.
Press < or > to pray at altars.
Press < or > to pray at altars.
Press < or > to pray at altars.
Press < or > to pray at altars.
Enter note: Press < or > to pray at altars.
There is a strange disturbance nearby!
Press < or > to pray at altars.
Press < or > to pray at altars.
Press < or > to pray at altars.
Press < or > to pray at altars.
Press < or > to pray at altars.
Press < or > to pray at altars.
There is a strange disturbance nearby!
Press < or > to pray at altars.
Press < or > to pray at altars.
Press < or > to pray at altars.
Something hits you.
You die...

##....... # #...##
#........ . .....
+........ #. .....#
#........
#.####.#..#
##....... .........
##.....# #.....#
##...## #.....#
##'## #..h..# #.#
#...{.# #.# #.....#
########.###
####..#
#...........
###.####.####.....#
#.....##.#####...##
#.....##.#.........
#.........#.##..###
#.....##.#.###..# #


There were no monsters in sight!

Vanquished Creatures
  A worm (D:2)
  A dart slug (D:1)
  4 ball pythons (D:1)
  An endoplasm (D:1)
  3 giant cockroaches
  2 goblins (D:1)
  A hobgoblin (D:1)
  3 kobolds (D:1)
  4 bats
  A frilled lizard (D:2)
21 creatures vanquished.

Notes
Turn   | Place    | Note
-------+----------+-------------------------------------------
     0 | D:1      | qw the Gargoyle Hunter began the quest for the Orb.
     0 | D:1      | Reached XP level 1. HP: 12/12 MP: 1/1
     0 | D:1      | 0 ||| qw: Version: 0.2-a-119-g7aa9181
     0 | D:1      | 0 ||| qw: Game counter: 2784
     0 | D:1      | 0 ||| qw: Always use a shield: true
     0 | D:1      | 0 ||| qw: God list: Okawaru
     0 | D:1      | 0 ||| qw: Allow faded altars: false
     0 | D:1      | 0 ||| qw: Do Orc after D:15 true
     0 | D:1      | 0 ||| qw: Do second Lair branch before Depths: true
     0 | D:1      | 0 ||| qw: Lair rune preference: random
     0 | D:1      | 0 ||| qw: Plans: Normal
     0 | D:1      | 0 ||| PLANNING D:1-11
     1 | D:1      | Found a runed translucent door.
    78 | D:1      | Reached XP level 2. HP: 17/17 MP: 2/2
   498 | D:1      | Reached XP level 3. HP: 21/21 MP: 3/3
   567 | D:1      | 567 ||| UPGRADING to +0 pair of boots.
   572 | D:1      | 572 ||| READING 2 scrolls labelled GOOSIY UDAOTOL.
   587 | D:1      | 587 ||| READING scroll labelled YSHIGAY ZUCI.
   588 | D:1      | 588 ||| READING 3 scrolls labelled CEARID YJEN.
   589 | D:1      | 589 ||| DROPPING scroll of butterflies.
   590 | D:1      | 590 ||| DROPPING 2 scrolls of amnesia.
   682 | D:2      | Reached skill level 5 in Ranged Weapons
   746 | D:2      | Identified the +2 robe of the Invisible Hand {rC+ rN+}
   827 | D:2      | Found a glowing golden altar of the Shining One.
   832 | D:2      | Noticed Sigmund
   846 | D:2      | 846 ||| Stepping randomly (disturbance).
   847 | D:2      | 847 ||| Stepping randomly (disturbance).
   848 | D:2      | 848 ||| Stepping randomly (disturbance).
   853 | D:2      | 853 ||| Stepping randomly (disturbance).
   854 | D:2      | 854 ||| Stepping randomly (disturbance).
   854 | D:2      | HP: 1/21 [something (11)]
   856 | D:2      | Slain by Sigmund

Levels and vault maps discovered:
D:1:      dpeg_arrival_caged_fury, layout_loops_ring
D:2:      layout_loops_corners, basic_altar, uniq_sigmund

Skill      XL: |  1  2  3 |
---------------+----------+-----
Ranged Weapons | 5 |  5.0
Fighting       | |  2.2
Dodging        | |  1.5
Stealth        | |  1.1

Action                     || total
---------------------------++-------
   Fire: Shortbow          ||    71
    Use: Scroll            ||     3
 Armour: Leather armour    ||    14
         Skin              ||     1
  Dodge: Dodged            ||    16

Table legend:
 A = Non-vault XP
 B = Vault XP
 C = Vault XP percentage of total XP
 D = Non-vault monster count
 E = Vault monster count
 F = Vault count percentage of total count
                 A         B        C        D         E       F
            +---------+---------+-------+---------+---------+-------
      Total |      44 |       0 |   0.0 |      21 |       0 |   0.0
            +---------+---------+-------+---------+---------+-------
        D:1 |      34 |       0 |   0.0 |      17 |       0 |   0.0
        D:2 |      10 |       0 |   0.0 |       4 |       0 |   0.0
            +---------+---------+-------+---------+---------+-------
